 Dungeon Crawl Stone Soup version 0.31-a0-986-g5e6e4ef867 (webtiles) character file.

Game seed: 4527638815835253128

60 Fodor the Covered (level 3, -3/33 HPs)
             Began as a Minotaur Fighter on Nov 21, 2023.
             Slain by a gnoll
             ... wielding a +0 halberd
              (10 damage)
             ... on level 2 of the Dungeon.
             The game lasted 00:06:17 (1507 turns).

Fodor the Covered (Minotaur Fighter)                Turns: 1507, Time: 00:06:18

Health: -3/33      AC:  9    Str: 22    XL:     3   Next: 82%
Magic:  2/2        EV:  9    Int:  5    God:
Gold:   48         SH:  5    Dex: 15    Spells: 2/2 levels left

rFire   . . .        a - +0 war axe
rCold   . . .        c - +0 buckler
rNeg    . . .        b - +0 scale mail
rPois   .            i - +2 hat
rElec   .            (no cloak)
rCorr   .            (no gloves)
SInv    .            (no boots)
Will    .....        (no amulet) Stlth
                     l - +6 ring of dexterity
HPRegen 0.25/turn    (no ring)
MPRegen 0.08/turn

%: no passive effects
@: no status effects
A: horns 2, retaliatory headbutt
a: no special abilities


You were on level 2 of the Dungeon.
You visited 1 branch of the dungeon, and saw 2 of its levels.

You collected 48 gold pieces.

Inventory:

Hand Weapons
 a - a +0 war axe (weapon)
Armour
 b - a +0 scale mail (worn)
 c - a +0 buckler (worn)
 i - a +2 hat (worn)
Jewellery
 l - a +6 ring of dexterity (left hand)
Wands
 h - a wand of digging (7)
Scrolls
 e - 3 scrolls of enchant armour {unknown}
 f - a scroll of blinking {unknown}
 k - a scroll of amnesia {unknown}
Potions
 d - a potion of might
 g - a potion of invisibility {unknown}
 j - a potion of heal wounds {unknown}


   Skills:
 + Level 4.0 Fighting
 + Level 3.5 Axes
 + Level 4.5 Armour
 + Level 0.3 Dodging
 + Level 3.9 Shields


You had 2 spell levels left.
You didn't know any spells.
Your spell library was empty.

Dungeon Overview and Level Annotations

Branches:
Dungeon (2/15)

Altars:


Innate Abilities, Weirdness & Mutations

You have a pair of horns on your head.
You reflexively headbutt those who attack you in melee.


Message History

The gnoll hits you from afar with a +0 spear.
You closely miss the ball python.
The ball python is severely wounded.
The ball python bites you but does no damage.
The ball python constricts you.
The gnoll hits you from afar with a +0 spear.
You completely miss the ball python. You headbutt the ball python.
You kill the ball python!
A gnoll comes into view. It is wielding a +0 halberd.
The gnoll hits you from afar with a +0 spear.
The gnoll shouts!
You hear a shout!
The gnoll barely misses you.
There is an open door here.
The gnoll hits you with a +0 spear.
There is an open door here.
You hit the gnoll but do no damage. The gnoll barely misses you. x2
You slash the gnoll!
You kill the gnoll!
A gnoll comes into view. It is wielding a +0 halberd.
You barely miss the hobgoblin. You block the hobgoblin's attack.
The gnoll hits you but does no damage.
The gnoll hits you from afar with a +0 halberd.
The hobgoblin hits you but does no damage.
You slash the hobgoblin!
You kill the hobgoblin!
The gnoll hits you from afar with a +0 halberd!
* * * LOW HITPOINT WARNING * * *
The gnoll hits you with a +0 halberd.
* * * LOW HITPOINT WARNING * * *
The gnoll barely misses you.
Things that are here:
a +0 spear; a gnoll corpse You hit the gnoll.
The gnoll is moderately wounded.
The gnoll closely misses you. The gnoll hits you but does no damage.
You closely miss the gnoll.
The gnoll is lightly wounded.
The gnoll hits you but does no damage. x2
The gnoll hits you from afar with a +0 halberd!
You die...

........####..#...
........##........
##############.#.. ...
........#..
####.####.####.###
+..#.#.†'.'..#.#.# #
#..#.#..#.#.†#.#..
.##+#g##'#.##'#.##'#.###
......g@..........)..# #
.##'#.##'#.##'#.##'#.# #
# #..#†#..#.#..#.# #
#..'.'..#.#⌠.#.#
##.####.####.####.#
..................#
###################


You could see 2 gnolls.

Vanquished Creatures
  A gnoll (D:2)
  An adder (D:2)
  A worm (D:2)
  A dart slug (D:2)
  5 ball pythons
  2 endoplasms
  3 giant cockroaches
  3 hobgoblins
  3 kobolds
  4 quokkas
  A bat (D:1)
  A frilled lizard (D:1)
  5 goblins (D:1)
  3 rats
34 creatures vanquished.

Notes
Turn   | Place    | Note
-------+----------+-------------------------------------------
     0 | D:1      | Fodor the Minotaur Fighter began the quest for the Orb.
     0 | D:1      | Reached XP level 1. HP: 19/19 MP: 0/0
   370 | D:1      | Reached XP level 2. HP: 23/27 MP: 1/1
  1166 | D:2      | Reached XP level 3. HP: 33/33 MP: 2/2
  1507 | D:2      | Slain by a gnoll

Illustrated notes

Levels and vault maps discovered:
D:1:      minmay_arrival_four_houses, layout_loops_corners, st_stairs_3,
          palyth_stone_intersect, minmay_misc_feat_pillars, wad_floor_pattern_2
D:2:      minmay_door_path, layout_loops_cross, pf_guarded_unrand_woodcutter

Skill      XL: |  1  2 |
---------------+-------+-----
Armour         | 4 |  4.5
Fighting       | 4 |  4.0
Axes           | 3 |  3.5
Dodging        | |  0.3
Shields        | |  3.9

Action                     || total
---------------------------++-------
  Melee: War axe           ||    87
         Headbutt          ||     9
 Armour: Scale mail        ||    80
  Dodge: Dodged            ||    40
  Block: Buckler           ||    19

Table legend: (Time is in decaauts)
 A = Elapsed time spent in this place.
 B = Non-inter-level travel time spent in this place.
 C = Inter-level travel time spent in this place.
 D = Time resting spent in this place.
 E = Time spent auto-exploring this place.
 F = Levels seen in this place.
 G = Mean time per level.
                   A        B        C        D        E       F      G
               +--------+--------+--------+--------+--------+-----+--------+
         Total |   1539 |   1487 |     52 |     71 |      0 |   2 |  769.5 |
       Dungeon |   1539 |   1487 |     52 |     71 |      0 |   2 |  769.5 |
               +--------+--------+--------+--------+--------+-----+--------+

Top non-repeatable levels by time:
     D:1: 1125 daAuts
     D:2: 414 daAuts
